 Dungeon Crawl Stone Soup version 0.21.1-1-g345015fe64 (webtiles) character file.

113 Oravi the Changer (level 4, 0/32 HPs)
             Began as a Merfolk Transmuter on May 15, 2018.
             Killed from afar by an orc wizard (11 damage)
             ... with a magic dart
             ... on level 3 of the Dungeon.
             The game lasted 00:07:17 (1665 turns).

Oravi the Changer (Merfolk Transmuter)              Turns: 1665, Time: 00:07:18

Health: 0/32       AC:  2    Str: 10    XL:     4   Next: 96%
Magic:  3/7        EV: 21    Int: 13    God:
Gold:   76         SH:  0    Dex: 19    Spells: 2/8 levels left

rFire    . . .     SeeInvis .     - Unarmed
rCold    . . .     Gourm    .   (shield currently unavailable)
rNeg     . . .     Faith    .   (armour currently unavailable)
rPois    x         Spirit   .   (helmet currently unavailable)
rElec    .         Reflect  .   (cloak currently unavailable)
rCorr    .         Harm     .   (gloves currently unavailable)
MR       .....                  (boots currently unavailable)
Stlth    +.........             (no amulet)
HPRegen  0.10/turn              (no ring)
MPRegen  0.10/turn              (no ring)

@: confused, spider-form
A: tiny, (change form in water), (swift swim), (stealthy swim)
a: End Transformation


You were on level 3 of the Dungeon.
You were not hungry.
You were a venomous arachnid creature.
You visited 1 branch of the dungeon, and saw 3 of its levels.

You collected 76 gold pieces.

Inventory:

Missiles
 a - 12 arrows
Armour
 b - a +0 robe (melded)
Scrolls
 e - 4 scrolls of remove curse {unknown}
 g - 3 scrolls of identify {unknown}
 h - a scroll of fog {unknown}
 i - a scroll of fear {unknown}
 k - a scroll of enchant weapon {unknown}
 l - a scroll of immolation {unknown}
 q - a scroll of enchant armour {unknown}
Potions
 f - a potion of ambrosia {unknown}
 j - a potion of berserk rage {unknown}
 m - a potion of degeneration {unknown}
 n - a potion of curing {unknown}
 p - 2 potions of brilliance {unknown}
 r - a potion of agility {unknown}
Books
 c - a book of Changes

   Spells                             Type                      Level
   a - Beastly Appendage              Transmutation                1
   b - Sticks to Snakes               Transmutation                2
   c - Spider Form                    Transmutation/Poison         3
   d - Ice Form                       Ice/Transmutation            4
   e - Blade Hands                    Transmutation                5
Comestibles
 d - 2 rations
 o - 13 chunks of flesh


   Skills:
 - Level 1.1 Fighting
 - Level 2.6 Dodging
 + Level 4.5 Unarmed Combat
 + Level 2.6 Spellcasting
 + Level 4.6 Transmutations


You had 2 spell levels left.
You knew the following spells:

 Your Spells              Type           Power        Failure   Level  Hunger
a - Spider Form           Tmut/Pois      #.........   47%         3    ###....
b - Sticks to Snakes      Tmut           ##......     16%         2    ###....
c - Beastly Appendage     Tmut           ##....       12%         1    #......


Dungeon Overview and Level Annotations

Branches:
Dungeon (3/15)

Altars:

Annotations:
D:1 steam


Message History

Your +0 robe unmelds from your body.
An orc comes into view. It is wielding a flail.
Casting: Spider Form
Confirm with . or Enter, or press ? or * to list all spells.
You turn into a venomous arachnid creature.
Your +0 robe melds into your body.
The orc wizard shouts!
The orc wizard points at you and mumbles some strange words.
The magic dart hits you!
You are too injured to fight recklessly!
You are too injured to fight recklessly!
The orc wizard casts a spell.
The orc wizard flickers and vanishes!
Deactivating autopickup; reactivate with Ctrl-A.
You hear some strange, mumbled words.
You are confused.
You are too injured to fight recklessly!
A magic dart appears from out of thin air!
The magic dart hits you!
You die...

#...#######..#
#.........รท. #..## #..#
#.##.####### #####..###
#..# #.##.# #........# #[.#
#.##.#
#.###..#.######(.#####.##.#
#..................o....#.#
#)###.#..#####.)(.)###..#.#
#.#.<......#..)........
..#.######..s..####.###.#
##.#.# ##..<## .#
#.#.#########.# .#
#.#...........######.
#.........)..........
#############.####### #.#
#[# #.#


You could see an orc.

Vanquished Creatures
  An orc wizard (D:3)
  An adder (D:2)
  An ooze (D:1)
  A worm (D:2)
  2 dart slugs
  A leopard gecko (D:2)
  2 orcs (D:3)
  A ball python (D:3)
  11 bats
  4 giant cockroaches
  4 goblins
  3 hobgoblins (D:1)
  6 jackals
  8 kobolds
  4 quokkas
  3 frilled lizards
  9 rats
62 creatures vanquished.

Notes
Turn   | Place    | Note
-------+----------+-------------------------------------------
     0 | D:1      | Oravi the Merfolk Transmuter began the quest for the Orb.
     0 | D:1      | Reached XP level 1. HP: 15/15 MP: 3/3
   100 | D:1      | Reached XP level 2. HP: 6/21 MP: 3/5
   438 | D:1      | Reached XP level 3. HP: 20/26 MP: 6/6
   571 | D:1      | Learned a level 2 spell: Sticks to Snakes
   575 | D:1      | Learned a level 3 spell: Spider Form
   991 | D:2      | Reached XP level 4. HP: 32/32 MP: 4/7
  1665 | D:3      | Killed from afar by an orc wizard

Skill      XL: |  1  2  3 |
---------------+----------+-----
Transmutations | 3 4 |  4.6
Unarmed Combat | 4 |  4.5
Fighting       | |  1.1
Dodging        | |  2.6
Spellcasting   | |  2.6

Action                   |  1- 3 |  4- 6 || total
-------------------------+-------+-------++-------
Melee: Unarmed           |   117 |    67 ||   184
       Headbutt          |    14 |       ||    14
       Punch             |     1 |       ||     1
 Cast: Beastly Appendage |    12 |       ||    12
       Spider Form       |     5 |    12 ||    17
 Stab: Sleeping          |       |     4 ||     4
  Eat: Chunk             |     2 |     4 ||     6
Armor: Robe              |    20 |     7 ||    27
       Skin              |       |     8 ||     8
Dodge: Dodged            |   101 |    79 ||   180
